AoeStats
← MeerTasche

Arabia

510077315Analyzed
1v1 RM · 4d ago on Sep 29, 2026· 42m 22s· 2 players
Game mode
Random Map
Map size
Tiny (2 player)
Population
200
Speed
Normal
Resources
Standard
Victory
Conquest
Starting age
Dark Age
Ending age
Imperial Age
RankedLock teamsTeams togetherTeam positionsShared explorationLock speedFull tech treeHidden civsTurbo modeCheats
Victory
Defeat
🇩🇪 Georgians · Germany
967
+14
🇨🇿 Varangians · Czechia
914
-14
ttoommaass300
7:59 Loom
10:25 Feudal Age
16:30 Bloodlines
20:45 Wheelbarrow
24:17 Castle Age
23:33 Double-Bit Axe
24:31 Elite Skirmisher
27:36 Fletching
27:47 Padded Archer Armor
27:58 Forging
27:54 Scale Barding Armor
43:13 Imperial Age
42:52 Ballistics
MeerTasche
6:46 Loom
9:21 Feudal Age
10:07 Double-Bit Axe
14:58 Horse Collar
20:33 Castle Age
18:43 Gold Mining
20:16 Bloodlines
20:10 Fletching
20:46 Padded Archer Armor
21:58 Bodkin Arrow
26:21 Bow Saw
27:17 Heavy Plow
27:54 Leather Archer Armor
28:55 Ballistics
29:26 Wheelbarrow
29:48 Husbandry
36:11 Imperial Age
33:13 Light Cavalry
34:56 Hand Cart
36:00 Scale Mail Armor
36:10 Forging
36:05 Scale Barding Armor
37:22 Parthian Tactics
38:54 Chemistry
38:11 Heavy Cavalry Archer
39:02 Bracer
38:54 Hussar
41:12 Chain Barding Armor
42:02 Chain Mail Armor
Connection lost

Rejoining the realm…

Still unreachable

The connection could not be restored.

Session expired

The server has moved on; the page needs a fresh start.